 Dungeon Crawl Stone Soup version 0.30.1-4-g462c640d31 (webtiles) character file.

Game seed: 8325714656071154511

1043 croobank the Shield-Bearer (level 8, -2/51 HPs)
             Began as an Octopode Transmuter on Sept 7, 2023.
             Was an Initiate of Gozag.
             Slain by a gnoll sergeant
             ... wielding a +5 spear of venom
              (9 damage)
             ... on level 6 of the Dungeon.
             The game lasted 00:26:42 (4833 turns).

croobank the Shield-Bearer (Octopode Transmuter)    Turns: 4833, Time: 00:26:43

Health: -2/51      AC: 10    Str:  9    XL:     8   Next: 25%
Magic:  9/12       EV: 13    Int: 18    God:    Gozag
Gold:   413        SH:  5    Dex: 12    Spells: 7/13 levels left

rFire   . . .        A - +4 trident (protect)
rCold   . . .        s - +0 buckler
rNeg    + . .        p - +2 hat
rPois   .            h - amulet of regeneration
rElec   .            d - ring of positive energy
rCorr   +            k - ring of flight
SInv    .            y - ring of resist corrosion
Will    .....        (no ring)
Stlth   +++          (no ring)
HPRegen 1.08/turn    (no ring)
MPRegen 0.13/turn    (no ring)
                     (no ring)

%: no passive effects
@: lethally poisoned (-2 -> -12), gold aura, under a protective aura, flying
A: almost no armour, amphibious, 8 rings, camouflage 1, gelatinous body 1,
nimble swimmer 1, tentacles
a: Renounce Religion, Potion Petition, Call Merchant, Bribe Branch


You were on level 6 of the Dungeon.
You worshipped Gozag.
Gozag was aware of your devotion.
You visited 2 branches of the dungeon, and saw 7 of its levels.

You collected 478 gold pieces.
You paid 65 gold pieces to Gozag.

Inventory:

Hand Weapons
 b - a +0 sling
 j - a +0 flail of holy wrath
 l - a +1 mace of protection
 A - a +4 trident of protection (weapon)
 D - a +1 dagger of freezing
 E - a +0 dagger of venom
 G - a +3 scimitar
Missiles
 C - 3 poisoned darts (quivered)
 F - a throwing net
Armour
 p - a +2 hat (worn)
 s - a +0 buckler (worn)
Magical Staves
 i - a staff of fire
Jewellery
 d - a ring of positive energy (left tentacle)
 h - an amulet of regeneration (around mantle)
 k - a ring of flight (right tentacle)
 y - a ring of resist corrosion (on tentacle)
Wands
 B - a wand of roots (9)
Scrolls
 f - 3 scrolls of teleportation
 m - a scroll of amnesia
 t - a scroll of immolation {unknown}
Potions
 a - 2 potions of lignification
 e - 2 potions of mutation
 q - 5 potions of curing
 u - 2 potions of berserk rage
 v - a potion of ambrosia
 w - a potion of brilliance
 x - a potion of might {unknown}
 z - 2 potions of attraction {unknown}


   Skills:
 + Level 2.7 Fighting
 - Level 1.2 Maces & Flails
 + Level 1.4 Polearms
 + Level 3.3 Dodging
 * Level 3.9 Shields
 - Level 3.3 Unarmed Combat
 + Level 3.2 Spellcasting
 * Level 2.9 Conjurations
 + Level 3.4 Transmutations
 * Level 2.6 Air Magic
 * Level 3.5 Poison Magic


You had 7 spell levels left.
You knew the following spells:

 Your Spells              Type           Power      Damage    Failure   Level
a - Beastly Appendage     Tmut           30%        N/A       5%          1
b - Wereblood             Tmut           15%        N/A       9%          2
c - Mephitic Cloud        Conj/Pois/Air  13%        N/A       21%         3

Your spell library contained the following spells:

 Spells                   Type           Power      Damage    Failure   Level
 Magic Dart               Conj           52%        1d5       7%          1
 Searing Ray              Conj           26%        2d5       11%         2
 Passwall                 Tmut/Erth      7%         N/A       17%         2
 Spider Form              Tmut/Pois      15%        N/A       17%         3
 Sandblast                Erth           4%         2d4       24%         1
 Hailstorm                Conj/Ice       8%         3d4       36%         3
 Stone Arrow              Conj/Erth      16%        3d8       36%         3
 Ice Form                 Ice/Tmut       9%         N/A       75%         4
 Flame Wave               Conj/Fire      8%         2d5       77%         4
 Fulminant Prism          Conj/Hex       4%         3d5       77%         4
 Sticky Flame             Conj/Fire      8%         2d3       77%         4


Dungeon Overview and Level Annotations

Branches:
Dungeon (6/15)             Temple (1/1) D:5

Altars:
Ashenzari
Cheibriados
Dithmenos
Elyvilon
Fedhas
Gozag
Okawaru
Ru
Sif Muna
Trog
Vehumet
Xom


Innate Abilities, Weirdness & Mutations

You cannot wear most types of armour.
You are amphibious.
You can wear up to eight rings at the same time.
Your skin changes colour to match your surroundings (Stealth+).
Your rubbery body absorbs attacks. (AC +1, EV +1)
You are camouflaged when in or above water. (Stealth+)
You have tentacles for arms and can constrict up to eight enemies at once.


Message History

Confirm with . or Enter, or press ? or * to list all spells.
Aiming: Mephitic Cloud (dangerous; 21% risk of failure)
Press: ? - help, Shift-Dir - straight line, f/p - electric eel
Aim: an electric eel (water, almost dead, chance to affect: 86%)
The ball explodes into a vile cloud!
The stinking cloud engulfs the electric eel but does no damage.
The electric eel is almost dead.
The gnoll sergeant shouts!
You hear a shout!
The electric eel is engulfed in noxious fumes.
The electric eel appears confused.
The electric eel flops around on dry land!
The electric eel falls into the lava!
The electric eel is incinerated.
You now have 413 gold pieces (gained 5).
The gnoll shouts!
The gnoll sergeant hits you with a +5 spear of venom!
You are poisoned.
You are too injured to fight recklessly!
You are too injured to fight recklessly!
You are too injured to fight recklessly!
You are too injured to fight recklessly!
You are too injured to fight recklessly!
You hit the gnoll sergeant.
Your weapon exudes an aura of protection.
You grab the gnoll sergeant. You squeeze the gnoll sergeant.
The gnoll sergeant is moderately wounded.
You constrict the gnoll sergeant.
You feel very sick.
The gnoll sergeant hits you with a +5 spear of venom!
* * * LOW HITPOINT WARNING * * *
You are lethally poisoned!
You hit the gnoll sergeant.
The gnoll sergeant is severely wounded.
You constrict the gnoll sergeant, but do no damage.
* * * LOW HITPOINT WARNING * * *
You feel extremely sick.
The gnoll is distracted by your dazzling golden aura.
The gnoll sergeant hits you with a +5 spear of venom!
You die...
Your body crumbles into a pile of gold.

############
###..........#
#...#....≈≈≈.# ###
#.....≈≈≈≈#≈.#######
#>####..≈≈≈≈#≈≈≈≈g......#
#.......≈#≈≈≈≈#≈@≈......#
..#####.≈≈≈#≈≈≈°#≈.<....#
..# #..≈≈≈≈#≈≈≈≈.g....#
..# ##.≈#≈≈≈≈#≈≈≈..g.....
..# #.≈≈≈#≈≈≈≈#≈.##.####
..# #..≈≈≈≈#≈≈≈≈.# .# ..#
##.≈#≈≈≈≈....# # ###
####.≈≈≈.....#..
#............#.#


You could see a gnoll sergeant and 2 gnolls.

Vanquished Creatures
  Edmund (D:4)
  A sky beast (D:5)
  2 ogres
  A bullfrog (D:6)
  3 wights
  An electric eel (D:6)
  A howler monkey (D:5)
  3 hounds
  An orc priest (D:4)
  Jessica (D:3)
  An iguana (D:6)
  An orc wizard (D:4)
  Robin (D:4)
  5 gnolls
  2 white imps (D:5)
  An ufetubus (D:5)
  2 worms
  A dart slug (D:3)
  8 orcs
  9 bats
  5 endoplasms
  13 goblins
  10 hobgoblins
  7 quokkas
  8 ball pythons
  4 frilled lizards
  8 kobolds
  5 rats
106 creatures vanquished.

Notes
Turn   | Place    | Note
-------+----------+-------------------------------------------
     0 | D:1      | croobank the Octopode Transmuter began the quest for the
                  | Orb.
     0 | D:1      | Reached XP level 1. HP: 13/13 MP: 3/3
     3 | D:1      | You fall into a shaft and drop 1 floor!
   146 | D:2      | Reached XP level 2. HP: 18/18 MP: 3/5
   149 | D:2      | Learned a level 2 spell: Wereblood
   285 | D:1      | Reached skill level 1 in Shields
   357 | D:1      | Reached XP level 3. HP: 23/23 MP: 2/6
  1600 | D:3      | Reached XP level 4. HP: 28/28 MP: 3/7
  2012 | D:3      | Found a white marble altar of Elyvilon.
  2024 | D:3      | Got the Handbook of Filthy Battle Magic
  2134 | D:3      | Noticed Jessica
  2141 | D:3      | Killed Jessica
  2313 | D:3      | Found a snail-covered altar of Cheibriados.
  2351 | D:3      | Found a faded altar of an unknown god.
  2618 | D:4      | Reached XP level 5. HP: 21/34 MP: 4/8
  2655 | D:4      | Noticed Edmund
  2661 | D:4      | Learned a level 3 spell: Mephitic Cloud
  2708 | D:4      | Noticed an ogre
  2757 | D:5      | Entered Level 5 of the Dungeon
  2790 | D:5      | Found a staircase to the Ecumenical Temple.
  2808 | D:5      | Reached skill level 1 in Maces & Flails
  2840 | D:5      | Reached skill level 1 in Poison Magic
  2840 | D:5      | Reached XP level 6. HP: 30/39 MP: 10/10
  2966 | D:5      | Found a broken altar of Ashenzari.
  2997 | D:5      | Reached skill level 1 in Conjurations
  3020 | D:5      | Noticed a sky beast
  3028 | D:5      | Killed a sky beast
  3029 | D:5      | Reached skill level 1 in Air Magic
  3036 | Temple   | Entered the Ecumenical Temple
  3059 | Temple   | Became a worshipper of Gozag Ym Sagoz the Greedy
  3345 | D:5      | Found a radiant altar of Vehumet.
  3599 | D:4      | Noticed Robin
  3624 | D:4      | Killed Robin
  3868 | D:4      | Reached XP level 7. HP: 42/45 MP: 9/11
  4140 | D:4      | Killed Edmund
  4320 | D:4      | Reached skill level 1 in Polearms
  4518 | D:6      | Found an iron altar of Okawaru.
  4593 | D:6      | Reached XP level 8. HP: 38/51 MP: 9/12
  4833 | D:6      | Slain by a gnoll sergeant

Illustrated notes

Levels and vault maps discovered:
D:1:      minmay_arrival_solitary_statue, layout_rooms,
          dreamdust_mushroom_princess, dreamdust_princess_corridor
D:2:      layout_rooms, st_stairs_10, nicolae_concentric_dashed_squares_mild
D:3:      layout_loops_corners, elyvilon_altar_5, pf_just_have_faith,
          basic_ecumenical_altar, uniq_jessica
D:4:      layout_gridville, minmay_distorted, uniq_edmund, uniq_robin
D:5:      layout_cave_pools, cheibrodos_ashenzari_chains,
          mainiacjoe_overflow_alcove_1, minmay_temple_entry_sparse_star,
          grunt_ministairs_10, minivault_23
D:6:      layout_basic, okawaru_metal_pillars_3, serial_glass, glass_columns_a,
          glass_columns_c, feat_on_display, nicolae_lava_and_water,
          minmay_joined_circles
Temple:   dshaligram_water_room_temple

Skill      XL: |  1  2  3  4  5  6  7 |
---------------+----------------------+-----
Shields        | 1 2 3 |  3.9
Fighting       | 2 |  2.7
Maces & Flails | 1 |  1.2
Poison Magic   | 1 3 |  3.5
Conjurations   | 1 2 |  2.9
Air Magic      | 1 2 |  2.6
Transmutations | 3 |  3.4
Dodging        | 3 |  3.3
Spellcasting   | 3 |  3.2
Polearms       | 1 |  1.4
Unarmed Combat | |  3.3

Action                     |  1- 3 |  4- 6 |  7- 9 || total
---------------------------+-------+-------+-------++-------
  Melee: Unarmed           |    46 |       |       ||    46
         Kick              |    21 |    32 |    15 ||    68
         Constrict         |    22 |    23 |     9 ||    54
         Tentacles         |    16 |    21 |    20 ||    57
         Punch             |     3 |     4 |     3 ||    10
         Mace              |    38 |    21 |       ||    59
         Dagger            |       |    63 |       ||    63
         Trident           |       |    31 |    42 ||    73
  Throw: Dart              |       |     2 |     3 ||     5
   Cast: Beastly Appendage |    26 |    20 |    10 ||    56
         Wereblood         |    21 |    21 |     9 ||    51
         Mephitic Cloud    |       |       |     1 ||     1
  Evoke: Wand              |       |     1 |     5 ||     6
    Use: Scroll            |     2 |     3 |     7 ||    12
         Potion            |       |     2 |     1 ||     3
   Stab: Sleeping          |     4 |     1 |       ||     5
         Distracted        |       |     1 |       ||     1
 Armour: Skin              |    15 |    58 |     5 ||    78
  Dodge: Dodged            |    45 |    77 |    25 ||   147
  Block: Buckler           |       |     6 |     4 ||    10
